 Dungeon Crawl Stone Soup version 0.20-a0-1000-g0e8f6bb (webtiles) character file.

12660 MTVSty1e the Fighter (level 12, -4/102 HPs)
             Began as a Formicid Fighter on Apr 12, 2017.
             Was the Champion of Jiyva.
             Slain by a fire bat (6 damage)
             ... in a volcano.
             The game lasted 00:27:48 (8794 turns).

MTVSty1e the Fighter (Formicid Fighter)             Turns: 8794, Time: 00:27:50

Health: -4/102     AC: 17    Str: 25    XL:     12   Next: 23%
Magic:  16/16      EV:  8    Int:  9    God:    Jiyva [******]
Gold:   648        SH: 19    Dex: 12    Spells: 11/11 levels left

rFire    . . .     SeeInvis +   a - +1 war axe
rCold    . . .     Gourm    .   e - +1 large shield
rNeg     . . .     Faith    .   h - +0 plate armour
rPois    .         Spirit   .   (helmet unavailable)
rElec    .         Reflect  .   (no cloak)
rCorr    +         Harm     .   v - +0 pair of gloves
MR       ++...                  (no boots)
Stlth    ..........             (no amulet)
Regen    0.3/turn               d - ring of protection from magic
MPRegen  0.2/turn               (no ring)

@: no status effects
A: permanent stasis, dig shafts and tunnels, four strong arms, antennae 3,
iridescent scales 1, clever 1, translucent skin 1, evolution 1, tendrils
a: Dig, Shaft Self, Request Jelly, Slimify, Cure Bad Mutation, Renounce Religion


You were in a volcano.
You worshipped Jiyva.
Jiyva was exalted by your worship.
You were very full.

You visited 3 branches of the dungeon, and saw 11 of its levels.
You also visited: Volcano.

You collected 778 gold pieces.
You spent 130 gold pieces at shops.

Inventory:

Hand Weapons
 a - a +1 war axe (weapon)
 l - a +3 flail
Armour
 b - a +0 scale mail
 c - a +0 shield
 e - a +1 large shield (worn)
 h - a +0 plate armour (worn)
 r - a +0 pair of gloves
 v - a +0 pair of gloves (worn)
Jewellery
 d - a ring of protection from magic (left hand)
Wands
 p - a wand of disintegration (0/24)
 t - a wand of iceblast (7/15)
 x - a wand of flame (21/48)
Scrolls
 i - 4 scrolls of identify
 n - 3 scrolls of enchant armour
 o - 2 scrolls of magic mapping
 q - a scroll of enchant weapon
Potions
 g - 3 potions of curing
 w - a potion of mutation {unknown}
Books
 k - a book of Callings

   Spells                             Type                      Level
   a - Summon Small Mammal            Summoning                    1
   b - Call Imp                       Summoning                    2
   c - Call Canine Familiar           Summoning                    3
   d - Summon Guardian Golem          Hexes/Summoning              3
   e - Summon Lightning Spire         Summoning/Air                4
   f - Summon Ice Beast               Ice/Summoning                4
Comestibles
 f - 6 bread rations
 s - a meat ration


   Skills:
 * Level 12.0 Fighting
 + Level 7.8 Axes
 + Level 8.9 Armour
 + Level 6.6 Dodging
 + Level 9.6 Shields
 * Level 6.1 Evocations


You had 11 spell levels left.
You didn't know any spells.

Dungeon Overview and Level Annotations

Branches:
Dungeon (9/15)             Temple (1/1) D:4            Lair (1/6) D:9
    Orc: D:9-12

Altars:
Ashenzari
Cheibriados
Dithmenos
Elyvilon
Fedhas
Gozag
Hepliaklqana
Kikubaaqudgha
Makhleb
Nemelex Xobeh
Okawaru
Qazlal
Ru
Sif Muna
Trog
Uskayaw
Vehumet
Wu Jian
Xom
Yredelemnul
Zin
The Shining One
Jiyva

Shops:
D:4 !   D:6 :   D:7 *   D:8 :


Innate Abilities, Weirdness & Mutations

You cannot be hasted, slowed, berserked, paralysed or teleported.
You can dig through walls and to a lower floor.
Your four strong arms can wield two-handed weapons with a shield.
You have a pair of large antennae on your head. (SInv)
You are partially covered in iridescent scales. (AC +2)
Your mind is acute. (Int +2)
Your translucent skin slightly reduces your foes' accuracy. (Stealth)
You evolve.
You are covered in slimy tendrils that may disarm your opponents.


Message History

* * * LOW HITPOINT WARNING * * *
You are engulfed in flames.
* * * LOW HITPOINT WARNING * * *
You hit the fire bat.
The fire bat is moderately wounded.
The fire bat bites you but does no damage.
The fire bat barely misses you.
The fire bat bites you but does no damage.
You closely miss the fire bat.
The fire bat is moderately wounded.
The fire bat barely misses you.
The fire bat bites you but does no damage.
The fire bat bites you.
* * * LOW HITPOINT WARNING * * *
You are engulfed in flames!
* * * LOW HITPOINT WARNING * * *
The fire bat bites you.
* * * LOW HITPOINT WARNING * * *
You are engulfed in flames.
You die...

§§≈§§≈§§§≈≈≈≈.##
≈≈≈≈≈§§≈§≈§≈§..#
≈≈≈≈≈≈§≈§≈≈≈..##
≈§≈≈≈§§§≈§§..##
≈≈≈§§§≈≈≈.....#
..§§§≈≈......##
..§§§≈.)†...##
...≈≈..##..b#
#.....# #8@8#
##...# ##.##
##.. #.# ## #'#
... { ..... {
#..∩..# #.....#
###+###


You could see a fire bat.

Vanquished Creatures
  4 two-headed ogres
  2 unseen horrors (D:6)
  Pikel (D:5)
  Sigmund (D:2)
  A spriggan (D:7)
  3 fire bats (Volcano)
  A hungry ghost (D:8)
  Menkaure (D:4)
  2 hell hounds (Lair:1)
  2 water moccasins
  2 porcupines
  3 orc warriors
  2 sky beasts (D:6)
  3 black bears
  2 ice beasts
  3 ogres
  2 phantoms
  A centaur (D:9)
  A crocodile (D:9)
  2 bullfrogs
  A wyvern zombie (D:8)
  4 scorpions
  5 howler monkeys (D:7)
  2 crimson imps
  4 lava snakes (Volcano)
  A quasit (D:9)
  3 hounds
  4 orc priests
  2 orc wizards
  Ijyb (D:4)
  2 bullfrog skeletons
  3 iguanas
  4 worker ants
  3 adders
  A shadow imp (D:6)
  3 worms
  A dart slug (D:3)
  5 leopard geckos
  32 orcs
  4 giant cockroaches
  6 goblins
  5 hobgoblins
  6 jackals
  4 quokkas
  3 ball pythons
  14 bats
  7 frilled lizards
  7 kobolds
  A leopard gecko skeleton (D:6)
  2 quokka skeletons
  10 rats
  2 fungi (D:9)
191 creatures vanquished.

Vanquished Creatures (others)
  Prince Ribbit (D:7)
  A hippogriff (D:8)
  2 ice beasts (D:8)
  A slave (D:5)
  2 ogres (D:8)
  2 centaurs
  2 bullfrogs (D:7)
  28 jellies
  3 scorpions
  A wight (D:9)
  3 howler monkeys
  2 crimson imps
  A centaur zombie (D:5)
  2 hounds
  An orc priest (D:8)
  3 worker ants
  A hound skeleton (D:7)
  4 adders
  7 orcs
  2 ball pythons (D:7)
  3 fungi (D:9)
72 creatures vanquished.

Grand Total: 263 creatures vanquished

Notes
Turn   | Place    | Note
-------+----------+-------------------------------------------
     0 | D:1      | MTVSty1e the Formicid Fighter began the quest for the Orb.
     0 | D:1      | Reached XP level 1. HP: 18/18 MP: 1/1
    68 | D:1      | Reached XP level 2. HP: 24/24 MP: 2/2
   423 | D:1      | Reached XP level 3. HP: 29/29 MP: 3/3
   804 | D:2      | Noticed Sigmund
   814 | D:2      | Killed Sigmund
   814 | D:2      | Reached skill level 4 in Fighting
   814 | D:2      | Reached skill level 1 in Dodging
   814 | D:2      | Reached XP level 4. HP: 14/38 MP: 4/4
   814 | D:2      | Reached XP level 5. HP: 16/43 MP: 5/5
   814 | D:2      | Reached XP level 6. HP: 18/49 MP: 6/6
  1845 | D:3      | Reached skill level 5 in Fighting
  2177 | D:4      | Found Intena's Distillery.
  2182 | D:4      | Bought 2 potions of heal wounds for 130 gold pieces
  2308 | D:4      | Noticed an ogre
  2314 | D:4      | Killed an ogre
  2320 | D:4      | Reached skill level 5 in Shields
  2373 | D:4      | Reached XP level 7. HP: 47/56 MP: 7/7
  2481 | D:4      | Found a staircase to the Ecumenical Temple.
  2745 | Temple   | Entered the Ecumenical Temple
  2794 | Temple   | Became a worshipper of Jiyva Joruuria the Shapeless
  2912 | D:4      | Noticed Menkaure
  2920 | D:4      | Killed Menkaure
  2932 | D:4      | Found a sparkling altar of Nemelex Xobeh.
  2935 | D:4      | Noticed Ijyb
  2954 | D:4      | Killed Ijyb
  2954 | D:4      | Reached skill level 6 in Fighting
  3136 | D:4      | Reached XP level 8. HP: 55/64 MP: 8/8
  3543 | D:5      | Entered Level 5 of the Dungeon
  3565 | D:5      | Reached skill level 5 in Armour
  3596 | D:5      | Found a hide-covered altar of Uskayaw.
  3619 | D:5      | Found a shadowy altar of Dithmenos.
  3635 | D:5      | Found a burning altar of Makhleb.
  3636 | D:5      | Reached * piety under Jiyva
  3655 | D:5      | Noticed Pikel
  3656 | D:5      | Found a bloodstained altar of Trog.
  3672 | D:5      | Killed Pikel
  3672 | D:5      | Reached skill level 7 in Fighting
  3812 | D:5      | Reached ** piety under Jiyva
  4303 | D:6      | Reached XP level 9. HP: 45/72 MP: 9/9
  4567 | D:6      | Gained mutation: You are somewhat resistant to further mutation. [mutagenic meat]
  4570 | D:6      | Gained mutation: You have sharp toenails. [mutagenic meat]
  4786 | D:6      | Found Cotaubo's Book Boutique.
  5176 | D:6      | Noticed an unseen horror
  5177 | D:6      | Noticed an unseen horror
  5224 | D:6      | Killed an unseen horror
  5224 | D:6      | Reached skill level 8 in Fighting
  5224 | D:6      | Reached skill level 5 in Axes
  5228 | D:6      | Killed an unseen horror
  5228 | D:6      | Reached XP level 10. HP: 7/82 MP: 10/10
  5250 | D:6      | Reached skill level 9 in Fighting
  5803 | D:7      | Noticed a two-headed ogre
  5812 | D:7      | Killed a two-headed ogre
  5812 | D:7      | Reached skill level 5 in Dodging
  6063 | D:7      | Reached *** piety under Jiyva
  6063 | D:7      | Gained mutation: You are covered in slimy tendrils that may disarm your opponents. [Jiyva's grace]
  6141 | D:7      | Noticed Prince Ribbit
  6157 | D:7      | Found a shattered altar of Ashenzari.
  6201 | D:7      | Killed Prince Ribbit
  6208 | D:7      | Reached skill level 1 in Evocations
  6227 | D:7      | Found a deep blue altar of Sif Muna.
  6412 | D:7      | Reached skill level 11 in Fighting
  6412 | D:7      | Reached XP level 11. HP: 93/93 MP: 11/14
  6419 | D:7      | Gained mutation: Your mind is acute. (Int +2) [Jiyva's grace]
  6432 | D:7      | Reached **** piety under Jiyva
  6535 | D:7      | Found a glowing golden altar of the Shining One.
  6570 | D:7      | Found Noygo's Serpentskin Sales.
  6960 | D:8      | Lost mutation: You are somewhat resistant to further mutation. [Jiyva's grace]
  6960 | D:8      | Gained mutation: You evolve. [Jiyva's grace]
  6963 | D:8      | Reached ***** piety under Jiyva
  6977 | D:8      | Gained mutation: You are partially covered in iridescent scales. (AC +2) [Jiyva's grace]
  7000 | D:8      | Found a glowing golden altar of the Shining One.
  7107 | D:8      | Found Rep Were's Book Boutique.
  7606 | D:9      | Noticed a two-headed ogre
  7620 | D:9      | Killed a two-headed ogre
  7704 | D:9      | Reached skill level 5 in Evocations
  7874 | D:9      | Lost mutation: You have sharp toenails. [Jiyva's grace]
  7876 | D:9      | Found a staircase to the Lair.
  7983 | D:9      | Reached ****** piety under Jiyva
  8007 | D:9      | Found a shattered altar of Ashenzari.
  8012 | D:9      | Found a white marble altar of Elyvilon.
  8013 | D:9      | Found an ancient bone altar of Kikubaaqudgha.
  8013 | D:9      | Found an iron altar of Okawaru.
  8014 | D:9      | Found a blossoming altar of Fedhas.
  8016 | D:9      | Found an ornate altar of the Wu Jian Council.
  8054 | D:9      | Noticed a two-headed ogre
  8063 | D:9      | Killed a two-headed ogre
  8063 | D:9      | Reached XP level 12. HP: 90/101 MP: 16/16
  8327 | D:9      | Gained mutation: Your translucent skin slightly reduces your foes' accuracy. (Stealth) [Jiyva's grace]
  8522 | Lair:1   | Entered Level 1 of the Lair of Beasts
  8526 | Lair:1   | Found a dark tunnel.
  8622 | Volcano  | Entered a volcano
  8734 | Volcano  | Noticed a two-headed ogre
  8744 | Volcano  | HP: 5/102 [two-headed ogre/great mace of flaming (2)]
  8746 | Volcano  | Killed a two-headed ogre
  8746 | Volcano  | Reached skill level 12 in Fighting
  8793 | Volcano  | HP: 2/102 [fire bat (9)]
  8794 | Volcano  | Slain by a fire bat

Vault maps used:
D:1:      lemuel_arrival_behind_the_door_large
D:2:      first_bread, uniq_sigmund
D:3:      minivault_19
D:4:      nemelex_xobeh_ov_fountains_minmay, minmay_temple_entry_glass,
          serial_shops, shop, grunt_ministairs_6, uniq_menkaure, uniq_iyjb
D:5:      grunt_temple_overflow_open, overflow_temple_1_default, uniq_pikel
D:6:      minmay_klotski, serial_shops, shop, minivault_26
D:7:      lemuel_crystal_altar, kennysheep_little_box, basic_altar, the_bakery,
          guppyfry_shop_venom, uniq_prince_ribbit1
D:8:      serial_shops, kennysheep_mini, tso_altar
D:9:      minitemple, grunt_lair_entry_orc_guard_hut
Temple:   pf_slimified_temple
Lair:1:   enter_volcano_3, minivault_23, nicolae_lair_grove_arrangements,
          uniq_erica
Volcano:  volcano_grotto

Skill      XL: |  1  2  3  4  5  6  7  8  9 10 11 12 |
---------------+-------------------------------------+-----
Shields        | 4 5 6 7 9 |  9.6
Fighting       | 4 5 6 7 8 11 12 | 12.0
Armour         | 4 5 6 8 |  8.9
Dodging        | 1 2 3 4 6 |  6.6
Axes           | 3 4 5 7 |  7.8
Evocations     | 4 5 6 |  6.1

Action                   |  1- 3 |  4- 6 |  7- 9 | 10-12 || total
-------------------------+-------+-------+-------+-------++-------
Melee: War axe           |   105 |   107 |   222 |   349 ||   783
       Kick              |       |       |    17 |    60 ||    77
Invok: Request Jelly     |       |       |     1 |     1 ||     2
 Abil: Dig               |       |       |     1 |     2 ||     3
Evoke: Wand              |       |       |     4 |     4 ||     8
  Use: Potion            |     1 |       |    11 |     4 ||    16
       Scroll            |       |    10 |       |     6 ||    16
  Eat: Chunk             |       |     4 |    10 |       ||    14
       Royal jelly       |       |       |     2 |       ||     2
       Meat ration       |       |       |     1 |     1 ||     2
Armor: Scale mail        |    51 |    38 |    79 |     3 ||   171
       Plate armour      |       |       |       |   125 ||   125
Dodge: Dodged            |    16 |    16 |    69 |    84 ||   185
Block: Large shield      |   107 |   113 |   263 |   345 ||   828
